 Dungeon Crawl Stone Soup version 0.30-a0-782-ge64f9170bb (console) character file.

Game seed: 11701591102542216119

75 utis the Gusty (level 4, -12/25 HPs)
             Began as a Tengu Wanderer on Feb 27, 2023.
             Killed by nerve-wracking pain
             ... invoked by Grinder
              (14 damage)
             ... on level 3 of the Dungeon on Feb 28, 2023.
             The game lasted 00:08:27 (2310 turns).

utis the Gusty (Tengu Wanderer)                     Turns: 2310, Time: 00:08:28

Health: -12/25     AC:  5    Str: 11    XL:     4   Next: 31%
Magic:  8/8        EV: 13    Int: 14    God:
Gold:   155        SH:  0    Dex: 15    Spells: 6/7 levels left

rFire   . . .      SeeInvis .    a - +0 quarterstaff
rCold   . . .      Faith    .    (shield currently unavailable)
rNeg    . . .      Spirit   .    j - +2 robe of the Fae God {rPois}
rPois   +          Reflect  .    (helmet restricted)
rElec   .          Harm     .    b - +0 cloak
rCorr   .          Rampage  .    (no gloves)
Will    .....                    (boots unavailable)
Stlth   +                        (no amulet)
HPRegen 0.24/turn                (no ring)
MPRegen 0.11/turn                (no ring)

@: no status effects
A: beak, talons 3
a: no special abilities


You were on level 3 of the Dungeon.
You visited 1 branch of the dungeon, and saw 3 of its levels.

You collected 155 gold pieces.

Inventory:

Hand Weapons
 a - a +0 quarterstaff (weapon)
Armour
 b - a +0 cloak (worn)
 d - a +0 robe
 j - the +2 robe of the Fae God (worn) {rPois}
   (You found it on level 2 of the Dungeon)

   rPois:     It protects you from poison.
 k - a +0 ring mail
Magical Staves
 h - a staff of cold
Wands
 m - a wand of paralysis (2)
Scrolls
 e - a scroll of noise {unknown}
 g - a scroll of brand weapon {unknown}
 l - a scroll of fear {unknown}
 n - a scroll of teleportation {unknown}
Potions
 c - a potion of heal wounds {@q2}
 f - a potion of haste {@q3}
 i - 2 potions of curing {@q1}


   Skills:
 + Level 1.6 Fighting
 - Level 1.1 Staves
 + Level 3.9 Dodging
 - Level 2.0 Spellcasting
 * Level 3.5 Conjurations
 - Level 4.0 Air Magic
 - Level 1.0 Evocations


You had 6 spell levels left.
You knew the following spells:

 Your Spells              Type           Power      Damage    Failure   Level
z - Shock                 Conj/Air       44%        1d5       4%          1

Your spell library contained the following spells:

 Spells                   Type           Power      Damage    Failure   Level
 Swiftness                Air            12%        N/A       14%         3
 Kindle Blastsparks       Fire/Tloc/Air  10%        2d10      38%         3
 Airstrike                Air            6%         2d(1-17)  41%         4


Dungeon Overview and Level Annotations

Branches:
Dungeon (3/15)

Altars:
Ru

Annotations:
D:3 Grinder


Innate Abilities, Weirdness & Mutations

You have a beak for a mouth.
You have claws for feet.


Message History

The frilled lizard hisses angrily.
You sock the quokka!
You kill the quokka!
No target in range!
You miss the frilled lizard. You claw the frilled lizard.
Your peck misses the frilled lizard.
The frilled lizard is heavily wounded.
The frilled lizard misses you.
You sock the frilled lizard!
You kill the frilled lizard!
No target in view!
Things that are here:
a +0 dagger; a frilled lizard corpse; an orc corpse Unknown command.
n - a scroll labelled KURUTIJUL You see here a +0 dagger.
You see here a rat corpse.
Grinder comes into view.
Grinder shouts!
Grinder is nearby!
Grinder is nearby!
Grinder blinks!
Grinder drinks a potion.
Grinder seems to speed up.
Grinder gestures at you. You resist with significant effort.
Char dumped successfully.
Grinder gestures at you. Pain shoots through your body!
Grinder blinks!
Grinder gestures at you. Pain shoots through your body!
* * * LOW HITPOINT WARNING * * *
Grinder barely misses you.
Grinder blinks!
Grinder attacks as you move away! Grinder hits you.
* * * LOW HITPOINT WARNING * * *
You writhe in agony.
* * * LOW HITPOINT WARNING * * *
Grinder gestures at you. Pain shoots through your body!
Ouch! That really hurt!
You die...

░....)..........░░░.░.░░.░░..░░░.
)....░......░░░...░.......░......
░.░░.....░░.░ ░.░.░░.............
..░░░).░..░.░░░.░.░..............
).░░░†░░░.......░................
........░░░....░.................
..░..░░..░░....5............<....
....░░░░....░░..░░░..............
..░░░ ░........Q................
..░░░░░░░.░░░░.................➘.
.......░..░ ░░..................
..░░░░...░░░░░░......░░░░░.......
..░ ░░......░................░░░░
..░░░.........░..............░░░░
..░░...░░░░░░.......░░░░░░.....░░
.......░ ░░░░................░
.......░ ░░░░░░░░░░░░░.░...


You could see Grinder (fast).

Vanquished Creatures
  2 adders
  2 dart slugs
  4 orcs (D:3)
  2 endoplasms
  6 goblins
  6 hobgoblins
  4 jackals (D:1)
  2 quokkas (D:3)
  2 ball pythons
  5 bats
  4 frilled lizards
  4 kobolds
  6 rats
49 creatures vanquished.

Notes
Turn   | Place    | Note
-------+----------+-------------------------------------------
     0 | D:1      | utis the Tengu Wanderer began the quest for the Orb.
     0 | D:1      | utis set off with the following items: a +0 quarterstaff, a
                  | +0 cloak, a potion of heal wounds {@q2}, a +0 robe; and the
                  | following spell memorised: Shock; and the following spells
                  | available to memorise: Kindle Blastsparks, Airstrike.
     0 | D:1      | Reached XP level 1. HP: 10/10 MP: 4/4
   150 | D:1      | Reached skill level 1 in Conjurations
   210 | D:1      | Reached XP level 2. HP: 16/16 MP: 4/6
   730 | D:1      | Reached skill level 1 in Fighting
   820 | D:2      | Reached XP level 3. HP: 20/20 MP: 5/7
  1157 | D:2      | Found a sacrificial altar of Ru.
  1336 | D:2      | Identified the +2 robe of the Fae God {rPois}
  1970 | D:3      | Reached XP level 4. HP: 25/25 MP: 6/8
  2293 | D:3      | Noticed Grinder
  2310 | D:3      | Killed from afar by Grinder

Illustrated notes

Levels and vault maps discovered:
D:1:      onia_arrival_mini_spirals, layout_rooms, minmay_indecisive_spiral
D:2:      layout_loops_ring, basic_altar
D:3:      layout_rooms, minivault_26, uniq_grinder

Skill      XL: |  1  2  3 |
---------------+----------+-----
Conjurations   | 1 2 3 |  3.5
Fighting       | 1 |  1.6
Staves         | |  1.1
Dodging        | |  3.9
Spellcasting   | |  2.0
Air Magic      | |  4.0
Evocations     | |  1.0

Action                     |  1- 3 |  4- 6 || total
---------------------------+-------+-------++-------
  Melee: Quarterstaff      |    29 |    21 ||    50
         Kick              |    13 |     6 ||    19
         Peck              |     3 |     1 ||     4
   Cast: Shock             |    49 |     3 ||    52
 Armour: Robe              |    14 |     7 ||    21
  Dodge: Dodged            |    60 |    13 ||    73

Table legend: (Time is in decaauts)
 A = Elapsed time spent in this place.
 B = Non-inter-level travel time spent in this place.
 C = Inter-level travel time spent in this place.
 D = Time resting spent in this place.
 E = Time spent auto-exploring this place.
 F = Levels seen in this place.
 G = Mean time per level.
                   A        B        C        D        E       F      G
               +--------+--------+--------+--------+--------+-----+--------+
         Total |   2321 |   2222 |     99 |    374 |   1293 |   3 |  773.7 |
       Dungeon |   2321 |   2222 |     99 |    374 |   1293 |   3 |  773.7 |
               +--------+--------+--------+--------+--------+-----+--------+

Top non-repeatable levels by time:
     D:2: 1099 daAuts
     D:1: 811 daAuts
     D:3: 410 daAuts
